 Seeded DCSS version 0.29.0-3-gbb0933ed62 (webtiles) character file.

Game seed: 17591134278893015086 (custom seed)

38 NinjaNoafa the Sneak (level 3, -3/22 HPs)
             Began as a Kobold Brigand on Aug 25, 2022.
             Slain by an orc wizard
             ... wielding a staff of earth
              (4 damage)
             ... on level 2 of the Dungeon.
             The game lasted 00:02:48 (620 turns).

NinjaNoafa the Sneak (Kobold Brigand)                Turns: 620, Time: 00:02:48

Health: -3/22      AC:  3    Str:  8    XL:     3   Next: 65%
Magic:  3/3        EV: 14    Int: 12    God:
Gold:   45         SH:  8    Dex: 24    Spells: 2/2 levels left

rFire   . . .      SeeInvis .   a - +2 dagger
rCold   . . .      Faith    .   j - +2 buckler
rNeg    . . .      Spirit   .   b - +0 robe
rPois   .          Reflect  .   (no helmet)
rElec   .          Harm     .   c - +0 cloak
rCorr   .          Rampage  .   (no gloves)
Will    .....                   (no boots)
Stlth   +++++.....              (no amulet)
HPRegen 0.07/turn               k - +6 ring of dexterity
MPRegen 0.08/turn               (no ring)

@: no status effects
A: small, no large weapons, nightstalker 3
a: no special abilities


You were on level 2 of the Dungeon.
You visited 1 branch of the dungeon, and saw 2 of its levels.

You collected 45 gold pieces.

Inventory:

Hand Weapons
 a - a +2 dagger (weapon)
Missiles
 d - 3 poisoned darts (quivered)
 e - 3 curare-tipped darts
 h - 5 stones
Armour
 b - a +0 robe (worn)
 c - a +0 cloak (worn)
 j - a +2 buckler (worn)
Jewellery
 k - a +6 ring of dexterity (left hand)
Scrolls
 m - 2 scrolls of identify {unknown}
 n - a scroll of teleportation {unknown}
Potions
 f - a potion of brilliance {unknown}
 g - a potion of heal wounds {unknown}
 i - a potion of flight {unknown}
 l - a potion of haste {unknown}


   Skills:
 + Level 2.5 Fighting
 + Level 3.1 Short Blades
 + Level 2.5 Throwing
 + Level 1.9 Dodging
 + Level 5.7 Stealth
 + Level 0.6 Shields


You had 2 spell levels left.
You didn't know any spells.
Your spell library contained the following spells:

 Spells                   Type           Power      Damage    Failure   Level
 Ignite Poison            Fire/Tmut/Pois 0%         N/A       83%         3
 Mephitic Cloud           Conj/Pois/Air  0%         N/A       83%         3
 Freezing Cloud           Conj/Ice/Air   0%         6-21      100%        5


Dungeon Overview and Level Annotations

Branches:
Dungeon (2/15)

Altars:


Innate Abilities, Weirdness & Mutations

You are small and have problems with some larger weapons.
You are completely attuned to the shadows.


Message History

You hit the orc but do no damage.
The orc is heavily wounded.
You block the orc wizard's attack. You block the orc's attack.
You hit the orc.
The orc is almost dead.
You kill the orc!
You block the orc wizard's attack.
Things that are here:
a +0 dagger; a +0 leather armour You hit the orc.
The orc is heavily wounded.
The orc wizard closely misses you. You block the orc's attack.
You hit the orc wizard.
The orc wizard is moderately wounded.
The orc wizard gestures at you while chanting.
You resist with significant effort. The orc hits you with a +0 dagger.
You barely miss the orc wizard.
The orc wizard is moderately wounded.
The orc wizard misses you. The orc barely misses you.
You hit the orc.
You kill the orc!
The orc wizard hits you with a staff of earth.
* * * LOW HITPOINT WARNING * * *
Found a dagger.
You block the orc wizard's attack.
Things that are here:
a +0 dagger; a poisoned dart; an orc corpse You hit the orc wizard.
The orc wizard is severely wounded.
The orc wizard hits you with a staff of earth.
* * * LOW HITPOINT WARNING * * *
You closely miss the orc wizard.
The orc wizard is severely wounded.
The orc wizard barely misses you.
You hit the orc wizard but do no damage.
The orc wizard is severely wounded.
The orc wizard barely misses you.
You barely miss the orc wizard.
The orc wizard is severely wounded.
The orc wizard hits you with a staff of earth.
You die...

######## #......#####
#.......(... ...#
#........... ...#
#....()@(... ...#
##...).o....)
...######.....##.....
...##.......).##.....
###...###.....##.<...
###.#####.....#
..............#
....####......#
..#..^........#


You could see an orc wizard.

Vanquished Creatures
  2 adders (D:2)
  A worm (D:2)
  4 orcs (D:2)
  A bat (D:2)
  2 endoplasms (D:2)
  A hobgoblin (D:2)
  A frilled lizard (D:2)
  A kobold (D:1)
13 creatures vanquished.

Notes
Turn   | Place    | Note
-------+----------+-------------------------------------------
     0 | D:1      | NinjaNoafa the Kobold Brigand began the quest for the Orb.
     0 | D:1      | Reached XP level 1. HP: 12/12 MP: 1/1
   248 | D:1      | You fall into a shaft and drop 1 floor!
   328 | D:2      | Reached XP level 2. HP: 18/18 MP: 2/2
   539 | D:2      | Reached XP level 3. HP: 20/22 MP: 3/3
   617 | D:2      | HP: 1/22 [orc wizard/staff of earth (4)]
   620 | D:2      | Slain by an orc wizard

Illustrated notes

Levels and vault maps discovered:
D:1:      grunt_arrival_lava_bath, layout_loops_ring,
          hellmonk_ecumenical_altar_slurped_away
D:2:      layout_rooms

Skill      XL: |  1  2 |
---------------+-------+-----
Short Blades   | 3 |  3.1
Fighting       | |  2.5
Throwing       | |  2.5
Dodging        | |  1.9
Stealth        | |  5.7
Shields        | |  0.6

Action                   || total
-------------------------++-------
Melee: Dagger            ||    43
Throw: Dart              ||    15
Armor: Robe              ||     6
Dodge: Dodged            ||    14
Block: Buckler           ||    13
